Unix NetHack Version 7.0.0 - last build Mar 12 2022 20:29:05 (3e552d7a6012eb4ccae7a6f08a5c0eed5a132a94). Game began 2022-03-12 21:15:14, ended 2022-03-12 21:16:43. omghax, lawful male human Knight ---- %#########-.~| |.<| |..| --|- # ###### # ##### --.--------- |..........| #.@.....>$..| ##|........u.| ------------ Omghax the Gallant St:13 Dx:8 Co:12 In:8 Wi:16 Ch:18 Lawful Dlvl:1 $:0 HP:0(16) Pw:6(6) AC:10 Xp:1/5 T:87 Latest messages: Salutations omghax, welcome to xNetHack! You are a lawful male human Knight. Unix NetHack Version 7.0.0 - last build Mar 12 2022 20:29:05 (3e552d7a6012eb4ccae7a6f08a5c0eed5a132a94). You miss the fox. You kill the fox! Farrah picks up an egg. Farrah drops an egg. You hear a door open. Farrah drops an egg. Farrah picks up an egg. You swap places with Farrah. Farrah drops an egg. The door resists! Farrah drops an egg. The door opens. The jackal bites! You kill the jackal! Farrah picks up an egg. You hear water falling on coins. You see here a bag. You stop. Farrah is in the way! You swap places with Farrah. You see here a bag. There is a bag here, loot it? [ynq] (q) y You carefully open the bag... i - 2 cram rations. j - an empty bag. What do you want to use or apply? [bj or ?*] j You put 13 uncursed apples into the bag. You put 13 uncursed carrots into the bag. You put 2 cram rations into the bag. What do you want to take off? [cdef or ?*] c You finish taking off your mail. What do you want to take off? [def or ?*] d You finish taking off your helm. What do you want to take off? [ef or ?*] e You were wearing an uncursed +0 small shield. You finish taking off your gloves. What do you want to throw? [b or ?*] a In what direction? < An uncursed +1 long sword hits the ceiling, then falls back on top of your head. An uncursed +1 long sword hits the floor. a - an uncursed +1 long sword. What do you want to throw? [ab or ?*] a In what direction? < An uncursed +1 long sword hits the ceiling, then falls back on top of your head. An uncursed +1 long sword hits the floor. You die... Do you want your possessions identified? [ynq] (y) q Major events: Turn 1: omghax the lawful male human Knight entered the dungeon 2: hit with a wielded weapon for the first time 2: killed for the first time Inventory: Inventory: 556/675 weight (6/52 slots) Weapons (')') b - an uncursed +1 lance (alternate weapon; not wielded) Armor ('[') c - an uncursed +1 ring mail d - an uncursed +0 helmet e - an uncursed +0 small shield f - an uncursed +0 pair of leather gloves Tools ('(') j - an uncursed bag of holding containing 3 items Contents of the bag of holding: 13 uncursed apples 13 uncursed carrots 2 uncursed cram rations Omghax the Knight's attributes: Background: You were a Gallant, a level 1 male human Knight. You were lawful, on a mission for Lugh who was opposed by Brigit (neutral) and Manannan Mac Lir (chaotic). You were heterosexual. You were in the Dungeons of Doom, on level 1. You entered the dungeon 87 turns ago. You had 5 experience points, 15 more were needed to attain level 2. Basics: You had 0 out of 16 hit points. You had all 6 energy points (spell power). Your armor class was 10. Your wallet was empty. Autopickup was on for '$"=/!?+*' plus thrown, with exceptions. Final Characteristics: Your strength was 13 (limit:18/100). Your dexterity was 8 (limit:18). Your constitution was 12 (limit:18). Your intelligence was 8 (limit:18). Your wisdom was 16 (limit:18). Your charisma was 18 (limit:18). Final Status: You were not hungry. You were unencumbered. You were bare handed. You were unskilled in bare handed combat. You were not wearing any armor. Final Attributes: You were fervently aligned. You could jump. You are dead. Miscellaneous: You never encountered a bones level. Total elapsed playing time was 1 minute and 29 seconds. Vanquished creatures: a jackal a fox 2 creatures vanquished. No species were genocided or became extinct. Voluntary challenges: You went without food. You were an atheist. You were illiterate. You never genocided any monsters. You never polymorphed an object. You never changed form. You never touched an artifact. You used no wishes. You never scared an enemy with impunity. You were celibate. You never generated conflict. The Dungeons of Doom: Level 1: <- You were here. Final resting place for you, killed by a falling object. Game over: __________ / \ / REST \ / IN \ / PEACE \ / \ | omghax | | 0 Au | | killed by a | | falling object | | | | | | 2022 | *| * * * | * _________)/\\_//(\/(/\)/\//\/|_)_______ Fare thee well omghax the Knight... You died in The Dungeons of Doom on dungeon level 1 with 20 points, and 0 pieces of gold, after 87 moves. You were level 1 with a maximum of 16 hit points when you died.